 Dungeon Crawl Stone Soup version 0.25-a0-413-g3b4b6a4ccc (webtiles) character file.

Game seed: 5332900964027020500, levelgen mode: deterministic

220096 Gargoyl the Envoy of Void (level 18, -7/166 HPs)
             Began as a Centaur Abyssal Knight on Jan 14, 2020.
             Was a High Priest of Lugonu.
             Mangled by an ironbrand convoker
             ... wielding a +0 great mace
             ... led by a vault warden
              (12 damage)
             ... on level 2 of the Vaults on Jan 15, 2020.
             The game lasted 01:14:13 (42357 turns).

Gargoyl the Envoy of Void (Centaur Abyssal Knight) Turns: 42357, Time: 01:14:13

Health: -7/166     AC: 35    Str: 26    XL:     18   Next: 46%
Magic:  31/32      EV:  7    Int: 13    God:    Lugonu [*****.]
Gold:   1813       SH: 18    Dex: 17    Spells: 17/17 levels left

rFire    + . .     SeeInvis +   E - +8 war axe (elec)
rCold    . . .     Gourm    .   P - +0 large shield {AC+3}
rNeg     + . .     Faith    .   l - +3 plate armour {rF+}
rPois    +         Spirit   .   w - +0 hat {SInv}
rElec    .         Reflect  .   X - scarf {cloud immunity}
rCorr    +         Harm     .   m - +0 pair of gloves of Jius Red {rN+ rCorr} (curse)
MR       ++...                  r - +7 centaur barding "Itsif" {rPois Str+2 Dex+2}
Stlth    ..........             N - amulet of Vitality {Regen+ HP+15}
HPRegen  0.77/turn              F - ring "Viogust" {Str+4 Int+2 Dex+3}
MPRegen  0.23/turn              D - ring of protection from magic

@: about to teleport, very quick
A: large, antennae 1, hooves 3, blink, deformed body, speed 2, high mp 1, shaggy
fur 1, tough skin 3
}: 1/15 runes: decaying
a: Blink, Depart the Abyss, Bend Space, Banish, Corrupt, Enter the Abyss,
Renounce Religion


You were on level 2 of the Vaults.
You worshipped Lugonu.
Lugonu was extremely pleased with you.
You were not hungry.

You visited 5 branches of the dungeon, and saw 29 of its levels.
You visited the Abyss 2 times.
You also visited: Bailey and Gauntlet.

You collected 2749 gold pieces.
You spent 936 gold pieces at shops.

Inventory:

Hand Weapons
 E - a +8 war axe of electrocution (weapon)
 W - the +5 eveningstar of the Skies Above {flame, rF+}
   (You found it on level 3 of the Swamp)

   It has been specially enchanted to burn those struck by it, causing extra
   injury to most foes and up to half again as much damage against particularly
   susceptible opponents.
   It protects you from fire.
 Y - a +6 hand axe
Missiles
 d - 116 boomerangs (quivered)
 Q - 15 silver javelins
Armour
 l - a +3 plate armour of fire resistance (worn)
 m - the cursed +0 pair of gloves of Jius Red (worn) {rN+ rCorr}
   (You bought it in a shop on level 14 of the Dungeon)

   It protects you from negative energy.
   It provides partial protection from all sources of acid and corrosion.
   It has a curse placed upon it.
 r - the +7 centaur barding "Itsif" (worn) {rPois Str+2 Dex+2}
   (You acquired it on level 13 of the Dungeon)

   It affects your strength (+2).
   It affects your dexterity (+2).
   It protects you from poison.
 w - a +0 hat of see invisible (worn)
 P - a +0 large shield of protection (worn)
 X - a scarf of cloud immunity (worn)
Jewellery
 y - an uncursed ring of protection from fire
 D - a ring of protection from magic (right hand)
 F - the ring "Viogust" (left hand) {Str+4 Int+2 Dex+3}
   (You found it on level 11 of the Dungeon)

   [ring of intelligence]

   It affects your strength (+4).
   It affects your intelligence (+2).
   It affects your dexterity (+3).
 J - the ring "Begiles" {Int+3 Dex+4}
   (You found it in a Gauntlet)

   [ring of intelligence]

   It affects your intelligence (+3).
   It affects your dexterity (+4).
 K - a cursed ring of protection from fire
 M - an uncursed ring of positive energy
 N - the amulet of Vitality (around neck) {Regen+ HP+15}
   (You found it in a Gauntlet)

   [amulet of regeneration]

   It affects your health (+15).
   It increases your rate of regeneration.
 T - an uncursed ring of positive energy
 U - an uncursed ring of resist corrosion
 V - an uncursed ring of see invisible
Wands
 b - a wand of scattershot (2)
 k - a wand of polymorph (64)
 o - a wand of disintegration (39)
 p - a wand of iceblast (26)
 s - a wand of clouds (3)
 u - a wand of paralysis (14)
 A - a wand of random effects (13)
 I - a wand of enslavement (7)
 R - a wand of flame (11)
Scrolls
 a - 3 scrolls of fog
 f - 2 scrolls of blinking
 g - 7 scrolls of teleportation
 q - 4 scrolls of magic mapping
 t - 4 scrolls of identify
 C - 2 scrolls of holy word
 H - 19 scrolls of remove curse
Potions
 h - a potion of mutation
 j - 3 potions of invisibility
 n - a potion of ambrosia
 v - 4 potions of might
 x - 2 potions of haste
 z - 8 potions of curing
 B - a potion of cancellation
 G - 7 potions of agility
 L - a potion of flight
 O - 4 potions of magic
Miscellaneous
 e - 3 sacks of spiders
Comestibles
 c - 40 rations
 i - 12 chunks of flesh


   Skills:
 + Level 11.3 Fighting
 + Level 14.6 Axes
   Level 1.3 Crossbows
 + Level 4.1 Throwing
 * Level 12.5 Armour
 * Level 10.2 Dodging
 + Level 2.1 Stealth
 + Level 8.1 Shields
 * Level 14.8 Invocations


You had 17 spell levels left.
You didn't know any spells.
Your spell library contained the following spells:

 Spells                   Type           Power        Failure   Level  Hunger
 Animate Skeleton         Necr           N/A          100%        1    ##.....
 Apportation              Tloc           #.....       100%        1    ##.....
 Beastly Appendage        Tmut           #.....       100%        1    ##.....
 Corona                   Hex            #......      100%        1    ##.....
 Infusion                 Chrm           #...         100%        1    ##.....
 Magic Dart               Conj           #...         100%        1    ##.....
 Shock                    Conj/Air       #...         100%        1    ##.....
 Summon Small Mammal      Summ           #...         100%        1    ##.....
 Blink                    Tloc           N/A          100%        2    ###....
 Call Imp                 Summ           #.......     100%        2    ###....
 Searing Ray              Conj           #.....       100%        2    ###....
 Shroud of Golubria       Chrm/Tloc      #.....       100%        2    ###....
 Slow                     Hex            #.......     100%        2    ###....
 Song of Slaying          Chrm           #.......     100%        2    ###....
 Swiftness                Chrm/Air       #.......     100%        2    ###....
 Conjure Flame            Conj/Fire      #.......     100%        3    ####...
 Dazzling Flash           Conj/Hex       #.....       100%        3    ####...
 Ignite Poison            Fire/Tmut/Pois #.......     100%        3    ####...
 Mephitic Cloud           Conj/Pois/Air  #.......     100%        3    ####...
 Ozocubu's Armour         Chrm/Ice       #.......     100%        3    ####...
 Spectral Weapon          Hex/Chrm       #.......     100%        3    ####...
 Static Discharge         Conj/Air       #.......     100%        3    ####...
 Airstrike                Air            #.........   100%        4    #####..
 Fulminant Prism          Conj/Hex       #.........   100%        4    #####..
 Iskenderun's Mystic Bla  Conj/Tloc      #.......     100%        4    #####..
 Fireball                 Conj/Fire      #.........   100%        5    ######.
 Lightning Bolt           Conj/Air       #.........   100%        5    ######.
 Summon Mana Viper        Hex/Summ       #.......     100%        5    ######.
 Freezing Cloud           Conj/Ice/Air   #.........   100%        6    #######
 Starburst                Conj/Fire      #.........   100%        6    #######
 Ring of Flames           Chrm/Fire      #.........   100%        7    #######
 Ignition                 Fire           #.........   100%        8    #######


Dungeon Overview and Level Annotations

Branches:
Dungeon (15/15)            Temple (0/1) D:6            Lair (6/6) D:9
  Swamp (4/4) Lair:4        Snake (0/4) Lair:4        Slime (0/5) Lair:5
    Orc (2/2) D:11            Elf (0/3) Orc:2        Vaults (2/5) D:13
 Depths (0/5) D:15         Bailey (visited)         Gauntlet (visited)
  Crypt: Vaults:2-3

Altars:
Cheibriados
Dithmenos
Fedhas
Hepliaklqana
Kikubaaqudgha
Makhleb
Nemelex Xobeh
Okawaru
Qazlal
Ru
Sif Muna
Trog
Vehumet
Zin
The Shining One
Beogh

Shops:
D:4 *   D:14 [   D:15 (*?   Orc:2 *?[(


Innate Abilities, Weirdness & Mutations

You have hooves in place of feet.
Armour fits poorly on your strangely shaped body.
You cover ground very quickly.
You have extremely tough skin. (AC +3)
You have a pair of small antennae on your head.
You can translocate small distances at will.
You have an increased reservoir of magic. (+10% MP)
You are covered in fur. (AC +1)


Message History

You kill the two-headed ogre!
Lugonu accepts your kill.
The deep troll shaman blinks!
You blink.
The two-headed ogre closely misses you. You block the two-headed ogre's attack.
The deep troll shaman bites you!
* * * LOW HITPOINT WARNING * * *
You block the deep troll shaman's attack.
The deep troll shaman completely misses you.
The warg bites you but does no damage.
The ironbrand convoker points at the deep troll shaman and mumbles some strange words.
The deep troll shaman seems to grow stronger.
You feel better. You block the warg's attack.
You block the deep troll shaman's attack.
The deep troll shaman claws you but does no damage.
You block the deep troll shaman's attack.
The two-headed ogre hits you but does no damage. x2
The ogre hits you with a +0 giant club!
* * * LOW HITPOINT WARNING * * *
The ironbrand convoker hits you with a +0 great mace!
You die...

#########
######........
.....#........
>....#........########
.....#........#ยง.....#
.....+........#)Tp...#
.....#........#h@....#
.....#.......{#OO....#
###'##........#)o....#
..'..'........'.)....#
..'..#################
###..# #..# #..# ###..#


You could see a two-headed ogre, an ironbrand convoker, a deep troll shaman, a
warg, an ogre and an orc.

Vanquished Creatures
  Jorgrun (D:13)
  A tentacled monstrosity (Swamp:4)
  A thorn hunter (Swamp:2)
  Kirke (Swamp:1)
  Gastronok (D:9)
  Louise (Swamp:1)
  A frost giant (Vaults:2)
  3 vault wardens
  An orc warlord (Orc:2)
  Aizul (Swamp:1)
  6 ironheart preservers
  3 very ugly things
  A stone giant (Orc:1)
  An entropy weaver (Vaults:1)
  An ettin (Vaults:2)
  2 deep elf death magi (Vaults:1)
  Snorg (D:9)
  2 green deaths (Swamp:4)
  A yaktaur captain (D:15)
  2 great orbs of eyes
  8 vault guards
  A ghost crab (Swamp:1)
  A catoblepas (Lair:6)
  The ghost of Ojiguost the Grappler, a journeyman VSTm of Kikubaaqudgha (Lair:4)
  A death knight (D:15)
  5 ogre magi (Vaults:2)
  6 centaur warriors
  A deep troll shaman (Lair:6)
  10 two-headed ogres
  3 orc high priests
  7 alligators
  8 death yaks
  Urug (D:10)
  Nergalle (D:10)
  2 deep elf knights (Vaults:1)
  Sonja (Lair:3)
  A fire crab (shapeshifter) (D:11)
  7 skeletal warriors
  5 unseen horrors
  A flayed ghost (Vaults:2)
  9 swamp dragons
  4 spriggan druids
  A wizard (Vaults:1)
  2 phantasmal warriors
  3 ironbrand convokers
  5 deep elf archers (Vaults:1)
  A wolf spider zombie (D:15)
  7 orc knights
  8 cyclopes
  2 orc sorcerers (Orc:2)
  12 ugly things
  4 deep elf magi (Vaults:1)
  An oklob plant (Gauntlet)
  2 manticores
  2 wolf spiders (Vaults:1)
  13 elephants
  A worldbinder (Abyss:1)
  4 black mambas
  An ice statue (Gauntlet)
  Joseph (D:8)
  2 centaur skeletons (D:15)
  6 vault sentinels
  3 centaur zombies
  3 gargoyles
  A kobold demonologist (D:14)
  16 spiny frogs
  A spiny frog (shapeshifter) (Vaults:2)
  9 komodo dragons
  A minotaur zombie (Gauntlet)
  2 orange demons (Swamp:4)
  4 yaktaurs
  2 rime drakes (Gauntlet)
  3 freezing wraiths
  A hellwing (Abyss:1)
  3 meliai
  An ancient zyme (Abyss:1)
  A tengu conjurer (D:11)
  9 trolls
  4 polar bears
  3 raiju (Abyss:1)
  7 tyrant leeches
  Grinder (D:3)
  6 hornets
  28 blink frogs
  A blink frog (shapeshifter) (D:13)
  7 bog bodies
  A fire giant simulacrum (Vaults:2)
  19 slime creatures
  10 hippogriffs
  6 dream sheep (Lair:4)
  6 flying skulls (Abyss:1)
  9 shadows
  2 spriggans (Swamp:2)
  A redback (Vaults:1)
  3 large abominations
  Sigmund (D:6)
  A tarantella (Vaults:1)
  A water elemental (D:14)
  2 wraiths
  66 yaks
  A ynoxinul (Abyss:1)
  4 wyverns
  A vampire (D:14)
  A steam dragon (D:10)
  7 hogs
  3 basilisks
  A human (D:7)
  2 chaos spawn (Gauntlet)
  A hungry ghost (D:13)
  A neqoxec (Gauntlet)
  A warg (shapeshifter) (D:13)
  Menkaure (D:5)
  7 wargs
  An acid dragon (shapeshifter) (Vaults:1)
  22 swamp worms
  19 vampire mosquitoes
  4 soldier ants
  6 acid dragons
  11 water moccasins
  14 porcupines
  40 orc warriors
  3 black bears
  4 ice beasts
  3 phantoms
  4 swamp drakes
  2 eyes of draining
  8 centaurs
  26 ogres
  9 wolves
  10 crocodiles
  2 big kobolds
  21 bullfrogs
  A glowing shapeshifter simulacrum (Vaults:1)
  A wyvern skeleton (D:14)
  7 scorpions
  8 killer bees
  2 electric eels (D:14)
  5 howler monkeys
  9 wights
  6 crimson imps
  3 bullfrog zombies
  A quasit (D:10)
  A human simulacrum (Vaults:1)
  3 jellies
  19 orc priests
  9 hounds
  34 orc wizards
  Jessica (D:3)
  Natasha (thrice) (D:2)
  6 iguanas
  Ijyb (D:3)
  10 worker ants
  3 small abominations (Gauntlet)
  4 hound zombies
  3 hound skeletons
  A howler monkey zombie (D:11)
  2 worker ant zombies
  17 gnolls
  8 adders
  3 shadow imps
  An adder zombie (D:5)
  5 adder skeletons
  A worm (D:2)
  2 dart slugs (D:1)
  4 leopard geckos
  101 orcs
  A bat zombie (D:1)
  15 giant cockroaches
  2 goblins
  17 hobgoblins
  17 jackals
  5 quokkas
  6 bats
  3 frilled lizards
  28 kobolds
  A leopard gecko zombie (D:1)
  2 quokka skeletons
  6 rats
  5 fungi
  A plant (Gauntlet)
1073 creatures vanquished.

Vanquished Creatures (collateral kills)
  An iron imp (Abyss:2)
  A white imp (Abyss:2)
2 creatures vanquished.

Vanquished Creatures (others)
  A minotaur (Gauntlet)
  A ghost crab (Gauntlet)
  18 hydras
  A two-headed ogre (D:9)
  A deep elf knight (Vaults:1)
  An ugly thing (Swamp:4)
  A raiju (Abyss:1)
  A swamp worm (Swamp:2)
  A wight (D:13)
  An electric eel (Lair:4)
  22 fungi
  9 plants
58 creatures vanquished.

Grand Total: 1133 creatures vanquished

Notes
Turn   | Place    | Note
-------+----------+-------------------------------------------
     0 | Abyss:1  | Gargoyl the Centaur Abyssal Knight began the quest for the
                  | Orb.
     0 | Abyss:1  | Reached XP level 1. HP: 19/19 MP: 2/2
    23 | Abyss:2  | Noticed a small abomination
    55 | Abyss:2  | Noticed a small abomination
   162 | Abyss:2  | Noticed a starcursed mass
   180 | Abyss:2  | Noticed an iron imp
   189 | Abyss:2  | Killed an iron imp
   189 | Abyss:2  | Reached XP level 2. HP: 18/26 MP: 3/3
   225 | Abyss:2  | Noticed a thrashing horror
   229 | D:1      | Escaped the Abyss
   591 | D:1      | Reached * piety under Lugonu
   821 | D:1      | Reached XP level 3. HP: 26/31 MP: 4/4
  1569 | D:2      | Noticed Natasha
  1576 | D:2      | Killed Natasha
  1576 | D:2      | Reached skill level 1 in Dodging
  1576 | D:2      | Reached XP level 4. HP: 30/40 MP: 5/5
  1894 | D:2      | Found a snail-covered altar of Cheibriados.
  2060 | D:2      | Noticed Natasha
  2070 | D:2      | Killed Natasha
  2444 | D:2      | Found an iron altar of Okawaru.
  2616 | D:2      | Noticed Natasha
  2623 | D:2      | Killed Natasha
  2623 | D:2      | Reached XP level 5. HP: 42/46 MP: 4/6
  2748 | D:3      | Reached ** piety under Lugonu
  2779 | D:3      | Found a shadowy altar of Dithmenos.
  2817 | D:3      | Noticed Grinder
  2842 | D:3      | Paralysed by Grinder for 2 turns
  3050 | D:3      | Noticed Jessica
  3135 | D:3      | Killed Jessica
  3222 | D:3      | Paralysed by Grinder for 5 turns
  3236 | D:3      | Gained mutation: Your muscles are strong. (Str +2) [potion
                  | of mutation]
  3236 | D:3      | Gained mutation: You have an increased reservoir of magic.
                  | (+10% MP) [potion of mutation]
  3792 | D:3      | Reached XP level 6. HP: 39/52 MP: 5/8
  4487 | D:4      | Found Zin's Purification Station.
  4489 | D:4      | Found a glowing silver altar of Zin.
  4937 | D:4      | Reached XP level 7. HP: 50/60 MP: 10/10
  5313 | D:5      | Entered Level 5 of the Dungeon
  5553 | D:5      | Reached skill level 5 in Fighting
  5708 | D:5      | Found a hazy altar of Hepliaklqana.
  5753 | D:5      | Reached *** piety under Lugonu
  6179 | D:3      | Killed Grinder
  6179 | D:3      | Reached XP level 8. HP: 42/68 MP: 9/11
  6559 | D:3      | Noticed Ijyb
  6567 | D:3      | Killed Ijyb
  7012 | D:5      | Reached skill level 5 in Armour
  7374 | D:5      | Found a bloodstained altar of Trog.
  7376 | D:5      | Found an iron altar of Okawaru.
  7378 | D:5      | Found a stormy altar of Qazlal.
  7449 | D:5      | Found a sparkling altar of Nemelex Xobeh.
  7500 | D:5      | Noticed Menkaure
  7509 | D:5      | Killed Menkaure
  7928 | D:6      | Reached skill level 1 in Throwing
  8336 | D:6      | Noticed Sigmund
  8356 | D:6      | Found a staircase to the Ecumenical Temple.
  8551 | D:6      | Killed Sigmund
  8551 | D:6      | Reached XP level 9. HP: 74/74 MP: 13/13
  8604 | D:6      | Reached skill level 5 in Axes
  8663 | D:6      | Found an ancient bone altar of Kikubaaqudgha.
  8792 | D:6      | Reached **** piety under Lugonu
  8942 | D:6      | Reached skill level 1 in Stealth
  9029 | D:7      | Reached skill level 1 in Shields
  9288 | D:7      | Found a sacrificial altar of Ru.
  9555 | D:7      | Reached skill level 5 in Invocations
 10546 | D:8      | Noticed Joseph
 10586 | D:8      | Killed Joseph
 10586 | D:8      | Reached XP level 10. HP: 46/83 MP: 9/16
 11121 | D:8      | Noticed a gargoyle
 11133 | D:8      | Killed a gargoyle
 11713 | D:8      | Found a glowing golden altar of the Shining One.
 11917 | D:9      | Identified a scroll of acquirement
 12268 | D:9      | Found a radiant altar of Vehumet.
 12453 | D:9      | Reached ***** piety under Lugonu
 12518 | D:9      | Found a staircase to the Lair.
 12535 | D:9      | Found a burning altar of Makhleb.
 12579 | D:9      | Found a shimmering blue altar of Sif Muna.
 12626 | D:9      | Identified Sif Muna's Tome of Changing
 12734 | D:9      | Noticed Gastronok
 12756 | D:9      | Killed Gastronok
 12756 | D:9      | Reached XP level 11. HP: 54/91 MP: 2/18
 13022 | D:9      | Noticed a two-headed ogre
 13037 | D:9      | Banished a two-headed ogre
 13466 | D:9      | Found a blossoming altar of Fedhas.
 13651 | Lair:1   | Entered Level 1 of the Lair of Beasts
 15545 | Lair:2   | Got a heavily runed granite ring
 15550 | Lair:2   | Identified the ring of Grontol {rF++ rC+ Str-5} (You found
                  | it on level 2 of the Lair of Beasts)
 15685 | Lair:2   | Reached skill level 5 in Dodging
 16977 | Lair:3   | Reached XP level 12. HP: 98/100 MP: 20/20
 17255 | Lair:3   | Noticed Sonja
 17419 | Lair:3   | Killed Sonja
 17583 | Lair:3   | Noticed an eight-headed hydra
 17584 | Lair:3   | Banished an eight-headed hydra
 17608 | Lair:3   | Identified Enu Dul's Catalogue of Congealing Calling
 18356 | Lair:4   | Found a staircase to the Snake Pit.
 18370 | Lair:4   | Noticed a death yak
 18384 | Lair:4   | Noticed a death yak
 18384 | Lair:4   | Noticed a death yak
 18422 | Lair:3   | Killed a death yak
 18523 | Lair:3   | Killed a death yak
 18532 | Lair:3   | Killed a death yak
 18880 | Lair:4   | Reached skill level 10 in Axes
 18977 | Lair:4   | Found a runed translucent gate.
 18978 | Lair:4   | Found a runed translucent gate.
 18978 | Lair:4   | Noticed a ten-headed hydra
 18978 | Lair:4   | Noticed a ten-headed hydra
 18979 | Lair:4   | Found a runed translucent gate.
 18979 | Lair:4   | Noticed Ojiguost's ghost (journeyman VSTm)
 18982 | Lair:4   | Noticed a 13-headed hydra
 19006 | Lair:4   | Banished a 13-headed hydra
 19007 | Lair:4   | Banished a ten-headed hydra
 19058 | Lair:5   | Reached XP level 13. HP: 61/107 MP: 20/22
 19078 | Lair:5   | Found a staircase to the Slime Pits.
 19146 | Lair:5   | Found a gate leading to a gauntlet.
 19155 | Gauntlet | Entered a Gauntlet
 19155 | Gauntlet | Found a transporter.
 19155 | Gauntlet | Found a transporter.
 19221 | Gauntlet | Found a transporter.
 19251 | Gauntlet | Found a transporter.
 19251 | Gauntlet | Found a transporter.
 19277 | Gauntlet | Found a transporter.
 19301 | Gauntlet | Found a transporter.
 19309 | Gauntlet | Found a transporter.
 19317 | Gauntlet | Found a transporter.
 19331 | Gauntlet | Paralysed by a great orb of eyes for 2 turns
 19364 | Gauntlet | Found a transporter.
 19365 | Gauntlet | Found the +8 glaive of the Guard {elec, +Rage AC+5 SInv}
 19428 | Gauntlet | Corrupted Gauntlet
 19509 | Gauntlet | Killed a minotaur
 19550 | Gauntlet | Got an ancient wooden ring
 19684 | Gauntlet | Found a transporter.
 19698 | Gauntlet | Found a transporter.
 19710 | Gauntlet | Found a transporter.
 19711 | Gauntlet | Found the amulet of Vitality {Regen+ HP+15}
 19864 | Gauntlet | Found a transporter.
 19866 | Gauntlet | Found a large runed translucent door.
 19867 | Gauntlet | Found a large runed translucent door.
 19868 | Gauntlet | Found a large runed translucent door.
 19868 | Gauntlet | Found a large runed translucent door.
 19868 | Gauntlet | Found a runed translucent door.
 19868 | Gauntlet | Found a runed translucent door.
 19869 | Gauntlet | Found a large runed translucent door.
 19870 | Gauntlet | Found a large runed translucent door.
 19871 | Gauntlet | Found a large runed translucent door.
 19871 | Gauntlet | Found a large runed translucent door.
 19872 | Gauntlet | Found a large runed translucent door.
 19872 | Gauntlet | Found a large runed translucent door.
 19872 | Gauntlet | Found a large runed translucent door.
 19872 | Gauntlet | Found a large runed translucent door.
 19873 | Gauntlet | Found a large runed translucent door.
 19873 | Gauntlet | Found a large runed translucent door.
 19874 | Gauntlet | Found a large runed translucent door.
 19874 | Gauntlet | Found a large runed translucent door.
 19878 | Gauntlet | Found a runed translucent gate.
 19878 | Gauntlet | Found a runed translucent gate.
 19878 | Gauntlet | Found a runed translucent gate.
 19879 | Gauntlet | Found a transporter.
 19898 | Gauntlet | Reached skill level 10 in Armour
 20033 | Gauntlet | Found a transporter.
 20119 | Gauntlet | Identified the ring "Begiles" {Int+3 Dex+4} (You found it
                  | in a Gauntlet)
 20152 | Gauntlet | Got a faintly glowing steel ring
 20490 | Gauntlet | Got a brightly glowing hand crossbow
 20578 | Lair:5   | Identified the cursed ring "Yraennil" {+Blink rElec rF- rC+
                  | EV-3} (You found it in a Gauntlet)
 20767 | Lair:5   | Reached skill level 10 in Invocations
 20925 | Lair:5   | Got a sparkling copper amulet
 21229 | Lair:4   | Killed Ojiguost's ghost
 21537 | Lair:4   | Found a staircase to the Swamp.
 22297 | Lair:6   | Entered Level 6 of the Lair of Beasts
 22416 | Lair:6   | Lost mutation: You have an increased reservoir of magic.
                  | (+10% MP) [potion of mutation]
 22416 | Lair:6   | Lost mutation: Your muscles are strong. (Str +2) [potion of
                  | mutation]
 22416 | Lair:6   | Gained mutation: You are weak. (Str -2) [potion of
                  | mutation]
 22416 | Lair:6   | Gained mutation: You are dopey. (Int -2) [potion of
                  | mutation]
 22416 | Lair:6   | Gained mutation: Your spells are a little harder to cast,
                  | but a little more powerful. [potion of mutation]
 22416 | Lair:6   | Lost mutation: You are dopey. (Int -2) [potion of mutation]
 23159 | Lair:6   | Reached XP level 14. HP: 116/116 MP: 13/22
 24222 | D:9      | Identified the amulet "Fisiafac" {+Rage rPois rC++ MP+9
                  | Dex-4} (You found it on level 5 of the Lair of Beasts)
 24346 | D:10     | Entered Level 10 of the Dungeon
 24401 | D:10     | Noticed Snorg
 24455 | D:9      | Killed Snorg
 24762 | D:10     | Noticed Nergalle
 24782 | D:10     | Killed Nergalle
 24910 | D:10     | Got an encrusted falchion
 24911 | D:10     | Identified the +4 falchion of Generosity {slice, rF+ rC+
                  | MR- Str+2} (You found it on level 10 of the Dungeon)
 24961 | D:10     | Noticed Urug
 24971 | D:10     | Killed Urug
 26366 | D:11     | Found a staircase to the Orcish Mines.
 26478 | D:11     | Reached skill level 5 in Shields
 26861 | D:11     | Got a steaming pewter ring
 28305 | D:13     | Found a flagged portal.
 28354 | Bailey   | Entered a bailey
 28545 | Bailey   | Reached skill level 1 in Crossbows
 28545 | Bailey   | Reached XP level 15. HP: 53/124 MP: 22/24
 29028 | D:13     | Found a gate to the Vaults.
 29125 | D:13     | Noticed Jorgrun
 29296 | D:13     | Identified the +7 centaur barding "Itsif" {rPois Str+2
                  | Dex+2} (You acquired it on level 13 of the Dungeon)
 29304 | D:13     | Identified the ring "Viogust" {Str+4 Int+2 Dex+3} (You
                  | found it on level 11 of the Dungeon)
 29341 | D:13     | Lost mutation: You are weak. (Str -2) [potion of mutation]
 29341 | D:13     | Lost mutation: Your spells are a little harder to cast, but
                  | a little more powerful. [potion of mutation]
 29341 | D:13     | Gained mutation: You are somewhat resistant to further
                  | mutation. [potion of mutation]
 29341 | D:13     | Gained mutation: You have supernaturally acute eyesight.
                  | (SInv) [potion of mutation]
 29499 | D:12     | Reached XP level 16. HP: 46/132 MP: 25/25
 29819 | D:13     | Killed Jorgrun
 30685 | D:14     | Found Caotipux's Antique Armour Shop.
 30688 | D:14     | Bought a pair of warped gloves for 218 gold pieces
 30698 | D:14     | Identified the cursed +0 pair of gloves of Jius Red {rN+
                  | rCorr} (You bought it in a shop on level 14 of the Dungeon)
 30699 | D:14     | Bought a glowing chain mail for 172 gold pieces
 31143 | D:14     | Lost mutation: You are somewhat resistant to further
                  | mutation. [potion of mutation]
 31143 | D:14     | Lost mutation: You have supernaturally acute eyesight.
                  | (SInv) [potion of mutation]
 31143 | D:14     | Gained mutation: You are resistant to hostile enchantments.
                  | (MR+) [potion of mutation]
 31143 | D:14     | Gained mutation: You are highly resistant to hostile
                  | enchantments. (MR++) [potion of mutation]
 31144 | D:14     | Lost mutation: You are highly resistant to hostile
                  | enchantments. (MR++) [potion of mutation]
 31144 | D:14     | Lost mutation: You are resistant to hostile enchantments.
                  | (MR+) [potion of mutation]
 31144 | D:14     | Gained mutation: You do not regenerate when monsters are
                  | visible. [potion of mutation]
 31144 | D:14     | Gained mutation: You have an increased reservoir of magic.
                  | (+10% MP) [potion of mutation]
 31144 | D:14     | Gained mutation: You have a pair of small horns on your
                  | head. [potion of mutation]
 31145 | D:14     | Lost mutation: You have a pair of small horns on your head.
                  | [potion of mutation]
 31145 | D:14     | Lost mutation: You do not regenerate when monsters are
                  | visible. [potion of mutation]
 31145 | D:14     | Gained mutation: You have a pair of small antennae on your
                  | head. [potion of mutation]
 31145 | D:14     | Gained mutation: You are covered in fur. (AC +1) [potion of
                  | mutation]
 31145 | D:14     | Gained mutation: You can translocate small distances at
                  | will. [potion of mutation]
 31512 | D:15     | Entered Level 15 of the Dungeon
 31606 | D:15     | Found Akhlabli's Antique Weapon Boutique.
 31867 | D:15     | Identified the +0 hand crossbow of a Hundred Gods {venom,
                  | rC+ Str+2} (You found it in a Gauntlet)
 31878 | D:15     | Reached ****** piety under Lugonu
 31975 | D:15     | Found Muutt's Assorted Antiques.
 32014 | D:15     | Found a staircase to the Depths.
 32144 | D:15     | Found Daxteu Veah's Magic Scroll Shop.
 32147 | D:15     | Bought 3 scrolls of enchant weapon for 292 gold pieces
 32147 | D:15     | Bought a scroll of holy word for 97 gold pieces
 32691 | Swamp:1  | Entered Level 1 of the Swamp
 32719 | Swamp:1  | Noticed Kirke
 32765 | Lair:4   | Reached skill level 10 in Fighting
 32781 | Swamp:1  | Killed Kirke
 32970 | Swamp:1  | Noticed Aizul
 32992 | Swamp:1  | Killed Aizul
 33151 | Swamp:1  | Noticed Louise
 33180 | Swamp:1  | Killed Louise
 33775 | Swamp:2  | Noticed a thorn hunter
 33791 | Swamp:2  | Killed a thorn hunter
 34066 | Swamp:2  | Found a stormy altar of Qazlal.
 35048 | Swamp:3  | Got a dazzling eveningstar
 35049 | Swamp:3  | Identified the +5 eveningstar of the Skies Above {flame,
                  | rF+} (You found it on level 3 of the Swamp)
 35596 | Swamp:4  | Entered Level 4 of the Swamp
 35898 | Swamp:4  | Reached XP level 17. HP: 140/140 MP: 29/29
 36380 | Swamp:4  | Noticed a tentacled monstrosity
 36666 | Swamp:4  | Killed a tentacled monstrosity
 37052 | Swamp:4  | Got a decaying rune of Zot
 37586 | Vaults:1 | Entered Level 1 of the Vaults
 39299 | Orc:1    | Entered Level 1 of the Orcish Mines
 39850 | Orc:2    | Entered Level 2 of the Orcish Mines
 40122 | Orc:2    | Found a staircase to the Elven Halls.
 40213 | Orc:2    | Reached XP level 18. HP: 84/151 MP: 31/31
 40466 | Orc:2    | Found a roughly hewn altar of Beogh.
 40467 | Orc:2    | Found Panoxtyi's Magic Scroll Emporium.
 40594 | Orc:2    | Bought a scroll of enchant weapon for 112 gold pieces
 40594 | Orc:2    | Bought a scroll of teleportation for 45 gold pieces
 40629 | Orc:2    | Found Xenaaf's Antique Weapon Boutique.
 40630 | Orc:2    | Found a roughly hewn altar of Beogh.
 40633 | Orc:2    | Found Vupat's Antique Armour Shop.
 40749 | Orc:2    | Found a roughly hewn altar of Beogh.
 40781 | Orc:2    | Found a roughly hewn altar of Beogh.
 40954 | Orc:2    | Found a roughly hewn altar of Beogh.
 40961 | Orc:2    | Found Astraina's Assorted Antiques.
 40971 | Orc:2    | Reached skill level 10 in Dodging
 41030 | Orc:2    | Found a roughly hewn altar of Beogh.
 41103 | Orc:2    | Found a roughly hewn altar of Beogh.
 42265 | Vaults:2 | Escaped the Abyss
 42357 | Vaults:2 | HP: 5/166 [ogre/+0 giant club (16)]
 42357 | Vaults:2 | Mangled by an ironbrand convoker

Levels and vault maps discovered:
D:1:      saegor_arrival_fortress, layout_basic
D:2:      minmay_roachtagon, layout_loops_corners,
          nicolae_overflow_crystal_walls, first_ration,
          kennysheep_okawaru_gauntlet, uniq_natasha
D:3:      layout_loops_cross, grunt_decor_fettered,
          grunt_dithmenos_smoke_and_mirrors, uniq_jessica, uniq_grinder,
          uniq_ijyb
D:4:      layout_loops_ring, zin_purify
D:5:      layout_gridville, minitemple, nemelex_lonely_heart_becter,
          uniq_menkaure
D:6:      layout_cave_pools, kiku_gazebo_garden_becter,
          minmay_temple_entry_ruins, uniq_sigmund
D:7:      layout_basic, basic_altar, grunt_livestock
D:8:      layout_basic, nicolae_tso_swordbearing_angel, minivault_23,
          minmay_sticks_and_stones
D:9:      layout_small_grid, lightli_temple_of_fire,
          fedhas_bush_and_centaur_altar, general_overflow_altar, led_sif_book,
          due_lair_maze_entry_diamond, uniq_gastronok
D:10:     layout_gridville, uniq_urug, uniq_snorg, uniq_nergalle
D:11:     minmay_the_grid_triangle_9x9_recursive_2
          [minmay_the_grid_triangle_9x9_prize_center,
          minmay_the_grid_triangle_9x9_wacky_v,
          minmay_the_grid_triangle_9x9_corrupted_corridor,
          minmay_the_grid_triangle_9x9_odd_lines], layout_basic,
          minmay_misc_feat_room
D:12:     layout_basic
D:13:     layout_long_grid, lightli_vaults_fourway_checkpoint, enter_bailey_2,
          minivault_11, uniq_jorgrun
D:14:     layout_basic, serial_shops, kennysheep_mini
D:15:     grunt_enter_depths_snipers, layout_stronghold, serial_shops,
          nicolae_shop_trees, nicolae_shop_behind_doors,
          nicolae_shop_overgrown_old_shop, minivault_19, drop_trap
Lair:1:   layout_cave_shapes
Lair:2:   layout_roguey
Lair:3:   layout_small_grid, uniq_sonja
Lair:4:   wander_river, layout_regular_city,
          nicolae_swamp_entry_splash_gauntlet, dummy_snake_entry,
          gammafunk_ghost_hydra_chop
Lair:5:   layout_cave_pods, slime_dummy, gauntlet_entry_generic
Lair:6:   grunt_lair_end_beastmaster, layout_concentric_octagons,
          serial_bayou_shore_b, lemuel_fruit_tree
Swamp:1:  layout_falls_marsh, hangedman_swamp_diagram, uniq_louise, uniq_aizul,
          uniq_kirke
Swamp:2:  layout_basic_swamp, evilmike_swamp_ruin_rubble_1, swamp_pool3,
          lemuel_altar_in_water, infiniplex_staircase_pool_2
Swamp:3:  layout_falls_marsh, evilmike_swamp_ruin_house_1, swamp_pool4
Swamp:4:  swamp_vile, layout_basic_swamp
Orc:1:    layout_caves
Orc:2:    grunt_orc_community_town_hall, layout_diamond_mine,
          grunt_orc_community_big_house_1, grunt_orc_community_big_house_2,
          grunt_orc_community_house_1, grunt_orc_community_house_1,
          grunt_orc_community_house_1, grunt_orc_community_house_1
Vaults:1: hangedman_vaults_nails, grunt_vaults_swirl, v_misc_15, v_rooms_3,
          v_misc_8, nicolae_vaults_arrows, grunt_vaults_funnel,
          nicolae_vaults_mini_display_case, ontoclasm_vaults_fault,
          nicolae_vaults_little_squares_3, vaults_dpeg_ring,
          layout_vaults_omnicross
Vaults:2: gammafunk_vaults_ghost_necromancy, nicolae_vaults_diagonal_hallway_6,
          minmay_crypt_entry_simple_corners, st_cells, vaults_dpeg_cross,
          vaults_room_mumra_shop_pool, v_alt_pattern_5, hangedman_vaults_locks,
          vaults_room_door_ring, dpeg_vaults_monster_row,
          layout_vaults_maze_snakey

Skill      XL: |  1  2  3  4  5  6  7  8  9 10 11 12 13 14 15 16 17 18 |
---------------+-------------------------------------------------------+-----
Axes           | 2 3 4 6 7 8 10 11 12 13 14 | 14.6
Armour         | 2 3 4 5 6 7 8 9 10 11 12 | 12.5
Dodging        | 1 2 3 4 5 6 7 8 9 10 | 10.2
Fighting       | 4 5 6 7 8 9 10 11 | 11.3
Invocations    | 3 4 6 7 8 9 10 12 13 14 | 14.8
Throwing       | 1 2 3 4 |  4.1
Stealth        | 1 2 |  2.1
Shields        | 1 2 3 4 5 6 7 8 |  8.1
Crossbows      | 1 |  1.3

Action                   |  1- 3 |  4- 6 |  7- 9 | 10-12 | 13-15 | 16-18 || total
-------------------------+-------+-------+-------+-------+-------+-------++-------
Melee: Hand axe          |    69 |   173 |   321 |       |       |       ||   563
       Kick              |    11 |    33 |   105 |   215 |   414 |   685 ||  1463
       War axe           |       |       |   101 |   694 |  1129 |  1443 ||  3367
       Unarmed           |       |       |       |       |       |     1 ||     1
 Fire: Triple crossbow   |       |       |       |    22 |       |       ||    22
Throw: Boomerang         |       |     1 |    22 |    45 |    20 |     4 ||    92
Invok: Depart the Abyss  |     1 |       |       |       |       |     1 ||     2
       Bend Space        |       |       |       |     1 |     1 |     2 ||     4
       Banish            |       |       |       |     4 |    21 |    18 ||    43
       Corrupt           |       |       |       |       |     1 |       ||     1
       Enter the Abyss   |       |       |       |       |       |     1 ||     1
Evoke: Sack of spiders   |     4 |       |       |       |       |       ||     4
       Wand              |       |       |       |       |       |     2 ||     2
  Use: Potion            |     2 |     2 |     3 |     6 |     9 |    12 ||    34
       Scroll            |       |     9 |     7 |    10 |    18 |    23 ||    67
 Stab: Invisible         |       |       |       |     1 |       |       ||     1
       Petrified         |       |       |       |       |     9 |       ||     9
       Confused          |       |       |       |       |       |     4 ||     4
  Eat: Chunk             |     1 |     6 |    15 |    21 |    34 |    32 ||   109
       Ration            |       |     1 |       |     1 |     1 |     4 ||     7
Armor: Leather armour    |    17 |       |       |       |       |       ||    17
       Scale mail        |    16 |    36 |       |       |       |       ||    52
       Plate armour      |       |   118 |   300 |   469 |   807 |   676 ||  2370
       Chain mail        |       |       |       |       |       |    73 ||    73
Dodge: Dodged            |    45 |    41 |    77 |   205 |   150 |   234 ||   752
Block: Buckler           |     4 |    19 |    55 |   139 |    17 |       ||   234
       Large shield      |       |       |       |       |   851 |  1212 ||  2063

Table legend:
 A = Non-vault XP
 B = Vault XP
 C = Vault XP percentage of total XP
 D = Non-vault monster count
 E = Vault monster count
 F = Vault count percentage of total count
                 A         B        C        D         E       F
            +---------+---------+-------+---------+---------+-------
      Total |  159647 |  121361 |  43.2 |     780 |     316 |  28.8
            +---------+---------+-------+---------+---------+-------
        D:1 |      37 |       3 |   7.5 |      20 |       2 |   9.1
        D:2 |      93 |      58 |  38.4 |       9 |      12 |  57.1
        D:3 |     143 |     349 |  70.9 |      19 |       3 |  13.6
        D:4 |     351 |       0 |   0.0 |      14 |       0 |   0.0
        D:5 |    1051 |     169 |  13.9 |      38 |       1 |   2.6
        D:6 |     708 |     212 |  23.0 |      21 |       1 |   4.5
        D:7 |     894 |     959 |  51.8 |      20 |       5 |  20.0
        D:8 |    1412 |     430 |  23.3 |      20 |       1 |   4.8
        D:9 |    1989 |    4517 |  69.4 |      23 |      17 |  42.5
       D:10 |    2345 |    1647 |  41.3 |      26 |       2 |   7.1
       D:11 |    5929 |    4313 |  42.1 |      37 |       9 |  19.6
       D:12 |    6688 |       0 |   0.0 |      43 |       0 |   0.0
       D:13 |   11791 |    8749 |  42.6 |      43 |      12 |  21.8
       D:14 |    4390 |       0 |   0.0 |      21 |       0 |   0.0
       D:15 |    7933 |    2375 |  23.0 |      17 |       3 |  15.0
     Lair:1 |    4263 |       0 |   0.0 |      25 |       0 |   0.0
     Lair:2 |    4169 |       0 |   0.0 |      22 |       0 |   0.0
     Lair:3 |    8390 |     782 |   8.5 |      26 |       1 |   3.7
     Lair:4 |   10110 |    3415 |  25.2 |      37 |      10 |  21.3
     Lair:5 |    7058 |       0 |   0.0 |      27 |       0 |   0.0
     Lair:6 |    9672 |    9406 |  49.3 |      32 |      20 |  38.5
    Swamp:1 |    5720 |    5572 |  49.3 |      19 |       4 |  17.4
    Swamp:2 |    9635 |       0 |   0.0 |      22 |       0 |   0.0
    Swamp:3 |    8028 |       0 |   0.0 |      22 |       0 |   0.0
    Swamp:4 |   11850 |   17505 |  59.6 |      34 |      27 |  44.3
      Orc:1 |    5448 |       0 |   0.0 |      36 |       0 |   0.0
      Orc:2 |    3880 |    7137 |  64.8 |      42 |      67 |  61.5
   Vaults:1 |    7962 |   34004 |  81.0 |      25 |      49 |  66.2
   Vaults:2 |   13854 |   13637 |  49.6 |      23 |      16 |  41.0
    Abyss:1 |    3827 |       0 |   0.0 |      15 |       0 |   0.0
    Abyss:2 |      27 |       0 |   0.0 |       2 |       0 |   0.0
     Bailey |       0 |     354 | 100.0 |       0 |      34 | 100.0
   Gauntlet |       0 |    5768 | 100.0 |       0 |      20 | 100.0
            +---------+---------+-------+---------+---------+-------
